AoeStats
← borsuk.borowka

Migration

505041875Analyzed
1v1 RM · 23d ago on Sep 7, 2026· 44m 49s· 2 players
Game mode
Random Map
Map size
132×132
Population
200
Speed
Normal
Resources
Standard
Victory
Conquest
Starting age
Dark Age
Ending age
Imperial Age
RankedLock teamsTeams togetherTeam positionsShared explorationLock speedFull tech treeHidden civsTurbo modeCheats
Victory
Defeat
🇬🇧 Japanese · United Kingdom
591
+15
🇵🇱 Maya · Poland
567
-29
borsuk.borowka
13:30 Feudal Age
22:39 Gold Mining
22:38 Double-Bit Axe
22:37 Horse Collar
22:52 Stone Mining
29:52 Castle Age
31:42 Crossbowman
33:02 Stone Shaft Mining
32:40 Bow Saw
32:34 Heavy Plow
33:32 Thumb Ring
40:36 Imperial Age
Elpablicito1
0:38 Loom
12:39 Feudal Age
13:27 Fishing Lines
18:46 Wheelbarrow
17:58 Town Watch
18:12 Double-Bit Axe
19:01 Fishing Lines
22:03 Castle Age
21:17 Horse Collar
24:31 Gold Mining
24:32 Stone Mining
24:36 Gillnets
30:35 Imperial Age
28:25 Fervor
29:16 Medium Warships
29:31 Bow Saw
29:28 Heavy Plow
30:07 Gold Shaft Mining
30:36 Fervor
30:56 Murder Holes
31:22 Ballistics
31:15 Careening
30:49 Treadmill Crane
31:20 Masonry
31:57 Fletching
32:09 Scale Mail Armor
32:19 Forging
33:38 Hand Cart
33:26 Town Patrol
35:16 Heavy Warships
36:00 Chemistry
35:09 Siege Engineers
35:26 Dry Dock
35:39 Conscription
35:40 Guard Tower
35:56 Yasama
37:23 Iron Casting
37:04 Chain Mail Armor
36:45 Bodkin Arrow
37:53 Elite Cannon Galleon
39:00 Arrowslits
39:27 Clinker Construction
41:00 Two-Man Saw
41:47 Bracer
42:18 Plate Mail Armor
42:48 Blast Furnace
41:18 Elite Samurai
42:20 Kataparuto
45:04 Keep
Connection lost

Rejoining the realm…

Still unreachable

The connection could not be restored.

Session expired

The server has moved on; the page needs a fresh start.